 Dungeon Crawl Stone Soup version 0.31.0-9-g3a7656b989 (webtiles) character file.

Game seed: 1318902870899541837

32846 qw the Spry (level 13, -10/65 HPs)
             Began as a Spriggan Hunter on Feb 2, 2024.
             Was a High Priest of Okawaru.
             Killed from afar by an oklob plant (21 damage)
             ... with a splash of acid
             ... on level 4 of the Lair of Beasts.
             The game lasted 00:01:26 (12793 turns).

qw the Spry (Spriggan Hunter)                      Turns: 12793, Time: 00:01:27

Health: -10/65     AC:  2    Str:  7    XL:     13   Next: 33%
Magic:  21/21      EV: 37    Int: 11    God:    Okawaru [*****.]
Gold:   961        SH:  5    Dex: 29    Spells: 12/12 levels left

rFire   . . .        f - +3 arbalest
rCold   . . .        (shield currently unavailable)
rNeg    . . .        r - +0 troll leather armour
rPois   .            (helmet restricted)
rElec   .            j - +2 cloak
rCorr   .            (gloves unavailable)
SInv    +            (boots unavailable)
Will    ++...        q - amulet of reflection
Stlth   ++           m - +4 ring of protection
HPRegen 1.10/turn    d - +6 ring of dexterity
MPRegen 0.17/turn

%: reflection
@: corroded, very quick
A: very small, no large weapons, unfitting armour, see invisible, speed 3
a: Renounce Religion, Heroism, Finesse, Duel


You were on level 4 of the Lair of Beasts.
You worshipped Okawaru.
Okawaru was extremely pleased with you.
You visited 3 branches of the dungeon, and saw 16 of its levels.

You collected 1079 gold pieces.
You spent 118 gold pieces at shops.


Innate Abilities, Weirdness & Mutations

You are very small and have problems with some larger weapons.
You are too small for most types of armour.
You have supernaturally acute eyesight. (SInv)
You cover ground extremely quickly. (Speed+++)


   Skills:
 - Level 6.0 Fighting
 + Level 15.0 Ranged Weapons
 - Level 1.2 Armour
 - Level 17.0 Dodging
 - Level 1.5 Stealth
 - Level 10.0 Invocations


You had 12 spell levels left.
You didn't know any spells.
Your spell library was empty.

Inventory:

Hand Weapons
 f - a +3 arbalest (weapon)
Armour
 g - the +3 hat of Pondering {ponderous, Will+ MP+10 Int+5}
   (You took it off Gastronok on level 2 of the Lair of Beasts)

   Int+5:     It affects your intelligence (+5).
   Will+:     It increases your willpower.
   MP+10:     It affects your magic capacity (+10).
 j - a +2 cloak (worn)
 r - a +0 troll leather armour (worn)
Jewellery
 d - a +6 ring of dexterity (right hand)
 m - a +4 ring of protection (left hand)
 q - an amulet of reflection (around neck)
Wands
 a - a wand of roots (4)
 l - a wand of polymorph (3)
Potions
 b - 2 potions of might
 e - 3 potions of mutation
 i - 4 potions of curing
 p - a potion of resistance

Dungeon Overview and Level Annotations

Branches:
Dungeon (11/15)            Temple (1/1) D:4            Lair (4/5) D:11
 Shoals (0/4) Lair:3       Spider (0/4) Lair:3        Slime (0/5) Lair:4
    Orc: D:9-12

Altars:
Ashenzari
Cheibriados
Dithmenos
Elyvilon
Fedhas
Gozag
Hepliaklqana
Kikubaaqudgha
Makhleb
Nemelex Xobeh
Okawaru
Qazlal
Ru
Sif Muna
Trog
Uskayaw
Vehumet
Wu Jian
Xom
Yredelemnul
Zin
The Shining One

Shops:
D:1 !   D:3 *   D:5 *

Annotations:
Lair:4 exclusion: 3 oklob plants


Message History

Enter note:
Enter note:
Enter note:
Enter note:
Enter note:
Enter note:
Enter note:
Enter note:
Enter note:
Enter note:
Enter note:
Enter note:
Enter note:
Enter note:
Enter note:
Enter note:
Enter note:
Enter note:
Enter note:
Enter note:
Enter note:
Enter note:
Enter note:
Enter note:
Enter note:
Enter note:
Enter note: The oklob plant spits acid at you.
The splash of acid misses you. The oklob plant spits acid at you.
The splash of acid misses you. The oklob plant spits acid at you.
The splash of acid misses you.
You shoot a bolt. The bolt hits the plant!!
The plant begins to die.
The plant is lightly damaged.
The oklob plant spits acid at you. The splash of acid misses you.
The oklob plant spits acid at you. The splash of acid hits you!!
You die...

..P~~.........#%....###
.~.PP~~.....#........##P
~~~.~~~$?....#.##....P##
~~.P~~................#.
~~~~~.................%.
................:.......
........................
#P......................
##....@................
#...PP#####..##....#+#
#...### ##.#.###.###.#
#... ###.#...##.##..#
#.!..###......###..##..
#..............##......
#.#. .######.#####...#..
#... # #.# ##...####
.##.###)###.#..###


You could see 2 oklob plants.

Vanquished Creatures
  Gastronok (Lair:2)
  Nessos (Lair:4)
  Snorg (Lair:4)
  2 hydras
  2 two-headed ogres
  3 death yaks (D:11)
  A pharaoh ant (Lair:3)
  A cyclops (D:10)
  A manticore (D:11)
  A merfolk siren (Lair:3)
  3 elephants (Lair:4)
  4 black mambas
  A gargoyle (D:9)
  An unseen horror (D:11)
  10 cane toads
  An unseen horror zombie (D:8)
  8 komodo dragons
  3 rime drakes
  A polar bear (Lair:3)
  4 trolls (D:11)
  22 blink frogs
  Sigmund (D:3)
  A vampire (D:10)
  31 yaks
  A redback (Lair:3)
  2 wyverns
  A steam dragon (D:7)
  3 basilisks
  Menkaure (D:4)
  4 water moccasins
  3 orc warriors
  2 ice beasts
  2 sky beasts
  14 wolves
  3 ogres
  A centaur (D:11)
  4 kobold brigands
  3 bullfrogs
  A wyvern zombie (D:8)
  3 scorpions
  10 wights (D:8)
  A howler monkey (D:10)
  2 electric eels (Lair:3)
  A centaur zombie (D:8)
  6 jellies
  4 orc priests
  2 hounds
  3 iguanas
  A gnoll bouda (D:8)
  Natasha (twice) (D:2)
  5 orc wizards
  6 hell rats
  5 howler monkey zombies (D:8)
  Robin (D:4)
  7 gnolls
  5 river rats
  5 adders
  A shadow imp (D:6)
  A white imp (D:8)
  6 ufetubi
  2 dart slugs
  20 orcs
  12 endoplasms
  5 giant cockroaches
  13 goblins
  10 hobgoblins
  21 kobolds
  4 quokkas
  9 ball pythons
  13 bats (D:3)
  3 frilled lizards
  11 rats
350 creatures vanquished.

Notes
Turn   | Place    | Note
-------+----------+-------------------------------------------
     0 | D:1      | qw the Spriggan Hunter began the quest for the Orb.
     0 | D:1      | Reached XP level 1. HP: 10/10 MP: 2/2
     0 | D:1      | 0 ||| qw: Version: 0.3-a-155-g5e7d8dd
     0 | D:1      | 0 ||| qw: Game counter: 2136
     0 | D:1      | 0 ||| qw: Melee chars always use a shield: true
     0 | D:1      | 0 ||| qw: God list: Okawaru
     0 | D:1      | 0 ||| qw: Allow faded altars: false
     0 | D:1      | 0 ||| qw: Do Orc after clearing Dungeon:15 true
     0 | D:1      | 0 ||| qw: Do second Lair branch before Depths: true
     0 | D:1      | 0 ||| qw: Lair rune preference: random
     0 | D:1      | 0 ||| qw: Goals: Normal
     0 | D:1      | 0 ||| PLANNING D:1-11
    63 | D:1      | Reached skill level 3 in Dodging
   121 | D:1      | Found Jybur's Distillery.
   129 | D:1      | 129 ||| SHOPLISTING potion of curing (36 gold, have 0).
   129 | D:1      | 129 ||| SHOPLISTING potion of haste (120 gold, have 0).
   129 | D:1      | 129 ||| SHOPLISTING potion of heal wounds (60 gold, have
                  | 0).
   147 | D:1      | Reached XP level 2. HP: 14/14 MP: 3/3
   184 | D:1      | Reached skill level 4 in Dodging
   664 | D:1      | 664 ||| UPGRADING to +0 cloak.
   669 | D:1      | 669 ||| UPGRADING to amulet of guardian spirit.
   674 | D:1      | 674 ||| READING scroll labelled IFFERU OZ POTH.
   675 | D:1      | 675 ||| READING scroll labelled MADOCISTRIDGH.
   675 | D:1      | 675 ||| IDENTIFYING metallic green potion
   676 | D:1      | 676 ||| READING scroll labelled ATUGUR GYAR.
   676 | D:1      | 676 ||| ENCHANTING +0 shortbow.
   677 | D:1      | 677 ||| DROPPING scroll of butterflies.
   731 | D:2      | Reached XP level 3. HP: 18/18 MP: 4/4
   953 | D:2      | Found a bloodstained altar of Trog.
  1041 | D:2      | Noticed Natasha
  1045 | D:2      | 1045 ||| DRINKING 3 potions of haste.
  1047 | D:2      | Killed Natasha
  1048 | D:2      | Reached XP level 4. HP: 15/22 MP: 3/5
  1227 | D:2      | Noticed Natasha
  1234 | D:2      | Killed Natasha
  1456 | D:2      | 1456 ||| READING 2 scrolls of identify.
  1456 | D:2      | 1456 ||| IDENTIFYING fuming silvery potion
  1457 | D:2      | 1457 ||| READING scroll of identify.
  1457 | D:2      | 1457 ||| IDENTIFYING sapphire potion
  1458 | D:2      | 1458 ||| READING scroll labelled JUITTE QUESK.
  1459 | D:2      | 1459 ||| READING scroll labelled NOUFAE SYRIKAU.
  1464 | D:2      | 1464 ||| READING scroll labelled BEUKHU JUUD EHA.
  1464 | D:2      | 1464 ||| ENCHANTING +0 cloak.
  1465 | D:2      | 1465 ||| DRINKING 2 cyan potions.
  1478 | D:3      | Reached skill level 5 in Dodging
  1494 | D:3      | Reached XP level 5. HP: 24/26 MP: 4/6
  1567 | D:3      | Noticed Sigmund
  1568 | D:3      | 1568 ||| DRINKING 2 potions of haste.
  1577 | D:3      | 1577 ||| DRINKING potion of curing.
  1577 | D:3      | 1577 ||| (to cure confusion)
  1592 | D:3      | Killed Sigmund
  1593 | D:3      | Reached skill level 6 in Ranged Weapons
  1593 | D:3      | Reached XP level 6. HP: 30/30 MP: 7/7
  1621 | D:3      | Found Boawoc's Assorted Antiques.
  1629 | D:3      | 1629 ||| SHOPLISTING bone ring (140 gold, have 94).
  1629 | D:3      | 1629 ||| SHOPLISTING notched golden ring (140 gold, have
                  | 94).
  1629 | D:3      | 1629 ||| SHOPLISTING orcbow (98 gold, have 94).
  1629 | D:3      | 1629 ||| BUYING scroll labelled PYLAFU CIGAC FOY (28 gold).
  1629 | D:3      | Bought a scroll labelled PYLAFU CIGAC FOY for 28 gold
                  | pieces
  2268 | D:3      | 2268 ||| UPGRADING to +4 ring of protection.
  2269 | D:3      | 2269 ||| READING scroll of identify.
  2269 | D:3      | 2269 ||| IDENTIFYING viscous sapphire potion
  2270 | D:3      | 2270 ||| READING 2 scrolls labelled PYLAFU CIGAC FOY.
  2270 | D:3      | 2270 ||| BRANDING +1 shortbow.
  2271 | D:3      | 2271 ||| READING scroll of brand weapon.
  2271 | D:3      | 2271 ||| BRANDING +1 shortbow of draining.
  2272 | D:3      | 2272 ||| READING scroll labelled YNAAWAM NETSO.
  2373 | D:3      | 2373 ||| READING scroll labelled IWIAN UNTA.
  2522 | D:4      | Found a staircase to the Ecumenical Temple.
  2523 | D:4      | 2523 ||| PLANNING TEMPLE
  2523 | D:4      | 2523 ||| DROPPING scarf of shadows.
  2524 | D:4      | 2524 ||| DRINKING 2 lumpy pink potions.
  2525 | D:4      | 2525 ||| DROPPING potion of attraction.
  2534 | Temple   | Entered the Ecumenical Temple
  2535 | Temple   | 2535 ||| PLANNING OKAWARU WORSHIP
  2558 | Temple   | Became a worshipper of Warmaster Okawaru
  2559 | Temple   | 2559 ||| PLANNING D:1-11
  2559 | Temple   | 2559 ||| REMOVING amulet of guardian spirit.
  2696 | D:4      | Found Zin's Purification Station.
  2700 | D:4      | Found a glowing silver altar of Zin.
  2705 | D:4      | 2705 ||| BUYING potion of curing (90 gold).
  2705 | D:4      | Bought a potion of curing for 90 gold pieces
  2751 | D:4      | Noticed Robin
  2761 | D:4      | Killed Robin
  2762 | D:4      | Reached skill level 6 in Dodging
  2994 | D:4      | Noticed Menkaure
  2995 | D:4      | 2995 ||| DRINKING potion of haste.
  2997 | D:4      | 2997 ||| FLEEEEING.
  2998 | D:4      | 2998 ||| FLEEEEING.
  3010 | D:4      | Killed Menkaure
  3011 | D:4      | Reached XP level 7. HP: 21/35 MP: 8/8
  3374 | D:4      | 3374 ||| READING scroll of identify.
  3374 | D:4      | 3374 ||| IDENTIFYING smoky pink potion
  3375 | D:4      | 3375 ||| READING scroll labelled AHYBIG BOKHLI.
  3376 | D:4      | 3376 ||| DROPPING potion of lignification.
  3378 | D:4      | 3378 ||| Stepping ~*~*~tactically~*~*~ (cloud).
  3494 | D:5      | Entered Level 5 of the Dungeon
  3503 | D:5      | Found Tuhofficru's Gadget Gallery.
  3509 | D:5      | 3509 ||| SHOPLISTING wand of flame (7) (68 gold, have 51).
  3509 | D:5      | 3509 ||| SHOPLISTING wand of mindburst (13) (254 gold, have
                  | 51).
  3509 | D:5      | 3509 ||| SHOPLISTING wand of mindburst (8) (156 gold, have
                  | 51).
  3562 | D:5      | Reached skill level 7 in Dodging
  3618 | D:5      | Found a broken altar of Ashenzari.
  3618 | D:5      | Found a basalt altar of Yredelemnul.
  3879 | D:5      | 3879 ||| DROPPING amulet of magic regeneration.
  3880 | D:5      | 3880 ||| UPGRADING to +6 ring of dexterity.
  3917 | D:6      | Reached * piety under Okawaru
  4037 | D:6      | Found a blossoming altar of Fedhas.
  4130 | D:6      | 4130 ||| RETREEEEATING.
  4141 | D:6      | Reached skill level 8 in Dodging
  4141 | D:6      | Reached skill level 1 in Invocations
  4175 | D:6      | Reached XP level 8. HP: 39/39 MP: 10/10
  4225 | D:6      | Identified the +6 spear "Keirchuna" {speed, rElec}
  4236 | D:6      | Reached ** piety under Okawaru
  4237 | D:6      | Reached skill level 9 in Dodging
  4237 | D:6      | Reached skill level 3 in Invocations
  4500 | D:6      | 4500 ||| READING 2 scrolls of identify.
  4500 | D:6      | 4500 ||| IDENTIFYING bubbling green potion
  4501 | D:6      | 4501 ||| READING scroll of identify.
  4501 | D:6      | 4501 ||| IDENTIFYING fizzy black potion
  4502 | D:6      | 4502 ||| DRINKING 2 golden potions.
  4503 | D:6      | 4503 ||| DROPPING potion of berserk rage.
  4504 | D:6      | 4504 ||| DROPPING potion of brilliance.
  4505 | D:6      | 4505 ||| DROPPING potion of degeneration.
  4575 | D:7      | 4575 ||| Stepping ~*~*~tactically~*~*~ (cloud).
  4782 | D:7      | Reached skill level 3 in Fighting
  4982 | D:7      | HP: 9/40 [steam dragon (3)]
  4983 | D:7      | 4983 ||| DRINKING 3 potions of heal wounds.
  4984 | D:7      | Reached *** piety under Okawaru
  5124 | D:7      | Reached skill level 9 in Ranged Weapons
  5124 | D:7      | Reached XP level 9. HP: 28/44 MP: 13/13
  5297 | D:7      | 5297 ||| UPGRADING to +1 robe of positive energy.
  5307 | D:7      | 5307 ||| DROPPING +0 robe.
  5308 | D:7      | 5308 ||| DROPPING ring of wizardry.
  5309 | D:7      | 5309 ||| READING scroll labelled VENYLE ETHITAS.
  5310 | D:7      | 5310 ||| DROPPING wand of flame (16).
  5468 | D:8      | Reached skill level 10 in Dodging
  5486 | D:8      | Found a hide-covered altar of Uskayaw.
  5496 | D:8      | 5496 ||| RETREEEEATING.
  5500 | D:8      | 5500 ||| RETREEEEATING.
  5502 | D:8      | 5502 ||| RETREEEEATING.
  5506 | D:8      | 5506 ||| RETREEEEATING.
  5507 | D:8      | 5507 ||| RETREEEEATING.
  5508 | D:8      | 5508 ||| RETREEEEATING.
  5511 | D:8      | 5511 ||| RETREEEEATING.
  5512 | D:8      | 5512 ||| RETREEEEATING.
  5513 | D:8      | 5513 ||| RETREEEEATING.
  5585 | D:8      | Reached skill level 11 in Dodging
  5690 | D:8      | Found a bloodstained altar of Trog.
  5690 | D:8      | Found a stormy altar of Qazlal.
  5691 | D:8      | Found an opulent altar of Gozag.
  5692 | D:8      | Found an ornate altar of the Wu Jian Council.
  5694 | D:8      | Found a hazy altar of Hepliaklqana.
  5733 | D:8      | 5733 ||| READING scroll of enchant armour.
  5733 | D:8      | 5733 ||| ENCHANTING +1 cloak.
  5766 | D:8      | Reached **** piety under Okawaru
  5821 | D:8      | 5821 ||| RETREEEEATING.
  5822 | D:8      | 5822 ||| RETREEEEATING.
  5823 | D:8      | 5823 ||| RETREEEEATING.
  5824 | D:8      | 5824 ||| RETREEEEATING.
  5828 | D:8      | 5828 ||| RETREEEEATING.
  5829 | D:8      | 5829 ||| RETREEEEATING.
  5831 | D:8      | 5831 ||| RETREEEEATING.
  5832 | D:8      | 5832 ||| RETREEEEATING.
  5834 | D:8      | 5834 ||| RETREEEEATING.
  5842 | D:8      | 5842 ||| INVOKING Finesse.
  5846 | D:8      | Reached skill level 12 in Dodging
  5863 | D:8      | Reached XP level 10. HP: 31/49 MP: 9/14
  5966 | D:8      | 5966 ||| SWAPPING to +0 arbalest.
  5967 | D:8      | 5967 ||| DROPPING +1 shortbow of flaming.
  6146 | D:8      | 6146 ||| READING scroll of identify.
  6146 | D:8      | 6146 ||| IDENTIFYING green potion
  6147 | D:8      | 6147 ||| READING scroll labelled LISODWAORE.
  6280 | D:9      | 6280 ||| STAIRDANCE
  6290 | D:9      | Noticed a two-headed ogre
  6291 | D:9      | 6291 ||| STAIRDANCE
  6332 | D:9      | 6332 ||| STAIRDANCE
  6342 | D:8      | Reached skill level 6 in Invocations
  6344 | D:9      | 6344 ||| STAIRDANCE
  6346 | D:8      | 6346 ||| INVOKING Finesse.
  6349 | D:8      | HP: 11/49 [two-headed ogre/+0 giant club (11)]
  6350 | D:8      | 6350 ||| DRINKING 2 potions of heal wounds.
  6352 | D:8      | Killed a two-headed ogre
  6663 | D:9      | Noticed a gargoyle
  6664 | D:9      | 6664 ||| INVOKING Finesse.
  6670 | D:9      | Killed a gargoyle
  7253 | D:10     | Entered Level 10 of the Dungeon
  7595 | D:10     | Noticed a cyclops
  7596 | D:10     | 7596 ||| INVOKING Finesse.
  7606 | D:10     | Killed a cyclops
  7636 | D:10     | Found a sacrificial altar of Ru.
  7796 | D:10     | 7796 ||| INVOKING Finesse.
  7911 | D:10     | Noticed a two-headed ogre
  7912 | D:10     | 7912 ||| INVOKING Heroism.
  7920 | D:10     | Killed a two-headed ogre
  7921 | D:10     | Reached skill level 13 in Dodging
  8219 | D:10     | 8219 ||| DROPPING amulet of guardian spirit.
  8220 | D:10     | 8220 ||| UPGRADING to amulet of reflection.
  8225 | D:10     | 8225 ||| READING scroll of identify.
  8225 | D:10     | 8225 ||| IDENTIFYING orange potion
  8226 | D:10     | 8226 ||| READING scroll labelled BUAVUBB NIET.
  8309 | D:11     | Noticed a death yak
  8310 | D:11     | 8310 ||| RETREEEEATING.
  8314 | D:11     | Noticed a death yak
  8315 | D:11     | 8315 ||| RETREEEEATING.
  8317 | D:11     | 8317 ||| RETREEEEATING.
  8319 | D:11     | 8319 ||| RETREEEEATING.
  8324 | D:11     | 8324 ||| INVOKING Heroism.
  8329 | D:11     | Killed a death yak
  8330 | D:11     | Reached XP level 11. HP: 33/53 MP: 15/17
  8337 | D:11     | Noticed a death yak
  8342 | D:11     | Killed a death yak
  8352 | D:11     | Killed a death yak
  8447 | D:11     | Reached skill level 12 in Ranged Weapons
  8462 | D:11     | Reached ***** piety under Okawaru
  8515 | D:11     | Found a staircase to the Lair.
  9211 | D:11     | 9211 ||| PLANNING LAIR
  9211 | D:11     | 9211 ||| UPGRADING to +0 troll leather armour.
  9221 | D:11     | 9221 ||| DROPPING +1 robe of positive energy.
  9222 | D:11     | 9222 ||| DROPPING ring of resist corrosion.
  9223 | D:11     | 9223 ||| READING scroll of identify.
  9223 | D:11     | 9223 ||| IDENTIFYING coppery potion
  9224 | D:11     | 9224 ||| DROPPING potion of invisibility.
  9246 | Lair:1   | Entered Level 1 of the Lair of Beasts
  9254 | Lair:1   | Reached skill level 9 in Invocations
  9331 | Lair:1   | 9331 ||| INVOKING Finesse.
  9334 | Lair:1   | Reached skill level 1 in Armour
  9510 | Lair:1   | HP: 11/54 [cane toad (3)]
  9511 | Lair:1   | 9511 ||| READING scroll of teleportation.
  9512 | Lair:1   | 9512 ||| DRINKING potion of heal wounds.
  9515 | Lair:1   | HP: 11/54 [poisoned by a cane toad]
  9520 | Lair:1   | HP: 9/54 [poisoned by a cane toad]
  9577 | Lair:1   | 9577 ||| INVOKING Finesse.
  9595 | Lair:1   | Received a gift from Okawaru
  9598 | Lair:1   | Reached skill level 14 in Dodging
  9730 | Lair:1   | 9730 ||| RETREEEEATING.
  9746 | Lair:1   | 9746 ||| RETREEEEATING.
  9756 | Lair:1   | Reached XP level 12. HP: 55/60 MP: 20/20
 10046 | Lair:2   | 10046 ||| STAIRDANCE
 10076 | Lair:2   | 10076 ||| RETREEEEATING.
 10084 | Lair:2   | 10084 ||| RETREEEEATING.
 10085 | Lair:2   | 10085 ||| RETREEEEATING.
 10087 | Lair:2   | 10087 ||| RETREEEEATING.
 10088 | Lair:2   | 10088 ||| RETREEEEATING.
 10155 | Lair:2   | 10155 ||| RETREEEEATING.
 10157 | Lair:2   | 10157 ||| RETREEEEATING.
 10158 | Lair:2   | 10158 ||| RETREEEEATING.
 10159 | Lair:2   | 10159 ||| RETREEEEATING.
 10160 | Lair:2   | 10160 ||| RETREEEEATING.
 10163 | Lair:2   | Received a gift from Okawaru
 10242 | Lair:2   | 10242 ||| READING scroll of enchant weapon.
 10242 | Lair:2   | 10242 ||| ENCHANTING +0 arbalest.
 10265 | Lair:2   | Reached skill level 15 in Dodging
 10605 | Lair:2   | 10605 ||| RETREEEEATING.
 10606 | Lair:2   | 10606 ||| RETREEEEATING.
 10607 | Lair:2   | 10607 ||| RETREEEEATING.
 10608 | Lair:2   | 10608 ||| RETREEEEATING.
 10609 | Lair:2   | 10609 ||| RETREEEEATING.
 10610 | Lair:2   | 10610 ||| RETREEEEATING.
 10611 | Lair:2   | 10611 ||| RETREEEEATING.
 10612 | Lair:2   | 10612 ||| RETREEEEATING.
 10613 | Lair:2   | 10613 ||| RETREEEEATING.
 10614 | Lair:2   | 10614 ||| RETREEEEATING.
 10615 | Lair:2   | 10615 ||| RETREEEEATING.
 10616 | Lair:2   | 10616 ||| RETREEEEATING.
 10912 | Lair:2   | Noticed Gastronok
 10913 | Lair:2   | 10913 ||| INVOKING Finesse.
 10933 | Lair:2   | Killed Gastronok
 10933 | Lair:2   | Received a gift from Okawaru
 11037 | Lair:2   | 11037 ||| READING scroll labelled MALU GAFUCZIB.
 11045 | Lair:3   | Noticed an eight-headed hydra
 11046 | Lair:3   | 11046 ||| STAIRDANCE
 11050 | Lair:3   | 11050 ||| STAIRDANCE
 11052 | Lair:2   | 11052 ||| INVOKING Finesse.
 11058 | Lair:2   | Killed an eight-headed hydra
 11187 | Lair:3   | 11187 ||| RETREEEEATING.
 11188 | Lair:3   | 11188 ||| RETREEEEATING.
 11193 | Lair:3   | 11193 ||| RETREEEEATING.
 11200 | Lair:3   | Reached skill level 6 in Fighting
 11233 | Lair:3   | Found a hole to the Spider Nest.
 11273 | Lair:3   | 11273 ||| DRINKING potion of cancellation.
 11276 | Lair:3   | 11276 ||| READING scroll of enchant weapon.
 11276 | Lair:3   | 11276 ||| ENCHANTING +1 arbalest.
 11288 | Lair:3   | 11288 ||| INVOKING Finesse.
 11289 | Lair:3   | 11289 ||| INVOKING Heroism.
 11647 | Lair:3   | 11647 ||| RETREEEEATING.
 11649 | Lair:3   | 11649 ||| RETREEEEATING.
 11650 | Lair:3   | 11650 ||| RETREEEEATING.
 11653 | Lair:3   | 11653 ||| RETREEEEATING.
 11658 | Lair:3   | 11658 ||| RETREEEEATING.
 11664 | Lair:3   | Reached skill level 16 in Dodging
 11676 | Lair:3   | Received a gift from Okawaru
 11731 | Lair:3   | Reached XP level 13. HP: 65/65 MP: 21/21
 11827 | Lair:3   | 11827 ||| RETREEEEATING.
 11829 | Lair:3   | 11829 ||| RETREEEEATING.
 11831 | Lair:3   | 11831 ||| RETREEEEATING.
 11832 | Lair:3   | 11832 ||| RETREEEEATING.
 11835 | Lair:3   | 11835 ||| RETREEEEATING.
 12064 | Lair:3   | Found a staircase to the Shoals.
 12184 | Lair:3   | Identified the +6 ring mail "Kimavveed" {+Blink Regen+
                  | Str+4 SInv}
 12377 | Lair:3   | 12377 ||| READING scroll labelled JOUHOXOPEX.
 12434 | Lair:4   | Noticed Snorg
 12435 | Lair:4   | 12435 ||| INVOKING Finesse.
 12449 | Lair:4   | 12449 ||| INVOKING Heroism.
 12452 | Lair:4   | 12452 ||| RETREEEEATING.
 12454 | Lair:4   | 12454 ||| RETREEEEATING.
 12457 | Lair:4   | Killed Snorg
 12458 | Lair:4   | Reached skill level 15 in Ranged Weapons
 12557 | Lair:4   | Found a staircase to the Slime Pits.
 12569 | Lair:4   | 12569 ||| RETREEEEATING.
 12575 | Lair:4   | 12575 ||| RETREEEEATING.
 12579 | Lair:4   | 12579 ||| RETREEEEATING.
 12581 | Lair:4   | 12581 ||| RETREEEEATING.
 12582 | Lair:4   | 12582 ||| RETREEEEATING.
 12583 | Lair:4   | 12583 ||| RETREEEEATING.
 12652 | Lair:4   | 12652 ||| READING scroll of enchant weapon.
 12652 | Lair:4   | 12652 ||| ENCHANTING +2 arbalest.
 12729 | Lair:4   | Noticed Nessos
 12730 | Lair:4   | 12730 ||| INVOKING Finesse.
 12736 | Lair:4   | 12736 ||| DRINKING 5 potions of curing.
 12736 | Lair:4   | 12736 ||| (to cure confusion)
 12737 | Lair:4   | Killed Nessos
 12749 | Lair:4   | Reached skill level 17 in Dodging
 12789 | Lair:4   | HP: 8/65 [oklob plant/splash of acid (35)]
 12793 | Lair:4   | Killed from afar by an oklob plant

Levels and vault maps discovered:
D:1:      ncdulo_smallfort, layout_basic, serial_shops, shop
D:2:      layout_loops_ring, basic_altar, st_stairs_6,
          hangedman_abyss_or_decor_lesser_grid, minmay_misc_feat_pillars,
          uniq_natasha
D:3:      layout_basic, serial_shops, shop, roderic_batcave, grunt_decor_cap,
          kennysheep_generic_room_5, uniq_sigmund
D:4:      layout_layer_cave, zin_purify, temple_hall, uniq_robin, uniq_menkaure
D:5:      layout_rooms, mainiacjoe_overflow_large_starburst,
          nicolae_shop_gadgets
D:6:      layout_basic, fedhas_altar_4, chequers_jeans
D:7:      layout_loops_ring, serial_bayou_lagoon_a
D:8:      layout_cave_pools, minitemple, serial_undead, serial_undead_a,
          serial_undead_e, serial_undead_a, serial_undead_e, minivault_25,
          corexii_checkpoint
D:9:      layout_layer_cave
D:10:     layout_stronghold, nicolae_ru_path_of_blood
D:11:     layout_gridville, dpeg_lair_monsters
Temple:   minmay_temple_curvy_loop
Lair:1:   layout_roguey, chequers_serial_rivers_small_a,
          chequers_serial_rivers_large_a
Lair:2:   layout_layer_cave, kennysheep_abandoned_house, uniq_gastronok
Lair:3:   layout_layer_cave, minmay_shoals_entry_lonely_mermaid,
          nicolae_spider_entry_lesser_pyramids, nicolae_quartered_pool_little
Lair:4:   layout_regular_city, nicolae_slime_entry_field_trip, dpeg_oklob_1,
          uniq_nessos, uniq_snorg

Skill      XL: |  1  2  3  4  5  6  7  8  9 10 11 12 13 |
---------------+----------------------------------------+-----
Dodging        | 3 4 5 6 8 9 12 13 14 16 17 | 17.0
Ranged Weapons | 5 6 7 9 10 11 12 14 15 | 15.0
Fighting       | 2 3 4 5 6 |  6.0
Invocations    | 2 4 5 7 10 | 10.0
Armour         | 1 |  1.2
Stealth        | |  1.5

Action                     |  1- 3 |  4- 6 |  7- 9 | 10-12 | 13-15 || total
---------------------------+-------+-------+-------+-------+-------++-------
   Fire: Shortbow          |    89 |   148 |   377 |    17 |       ||   631
         Arbalest          |       |       |       |   641 |   136 ||   777
 Invoke: Finesse           |       |       |     1 |     9 |     2 ||    12
         Heroism           |       |       |       |     3 |     1 ||     4
    Use: Scroll            |     3 |    10 |     6 |     9 |     2 ||    30
         Potion            |     1 |     5 |     2 |     3 |     1 ||    12
 Armour: Robe              |     5 |    27 |    43 |    18 |       ||    93
         Troll leather arm |       |       |       |    69 |    12 ||    81
  Dodge: Dodged            |    17 |    74 |   169 |   594 |    80 ||   934
  Block: Other             |       |       |       |    88 |    11 ||    99

Table legend:
 A = Non-vault XP
 B = Vault XP
 C = Vault XP percentage of total XP
 D = Non-vault monster count
 E = Vault monster count
 F = Vault count percentage of total count
                 A         B        C        D         E       F
            +---------+---------+-------+---------+---------+-------
      Total |   37063 |    9861 |  21.0 |     273 |      77 |  22.0
            +---------+---------+-------+---------+---------+-------
        D:1 |      34 |       0 |   0.0 |      21 |       0 |   0.0
        D:2 |      91 |      37 |  28.9 |      19 |       2 |   9.5
        D:3 |      99 |     248 |  71.5 |      18 |      12 |  40.0
        D:4 |     113 |     209 |  64.9 |      10 |      13 |  56.5
        D:5 |     172 |       0 |   0.0 |       3 |       0 |   0.0
        D:6 |     901 |       0 |   0.0 |      22 |       0 |   0.0
        D:7 |     920 |       0 |   0.0 |      23 |       0 |   0.0
        D:8 |    3974 |    1076 |  21.3 |      30 |      15 |  33.3
        D:9 |     856 |       0 |   0.0 |       6 |       0 |   0.0
       D:10 |    1835 |       0 |   0.0 |      15 |       0 |   0.0
       D:11 |    2684 |    2500 |  48.2 |      11 |      11 |  50.0
     Lair:1 |    7648 |       0 |   0.0 |      29 |       0 |   0.0
     Lair:2 |    7240 |    2145 |  22.9 |      29 |      14 |  32.6
     Lair:3 |    6172 |    1538 |  19.9 |      25 |       4 |  13.8
     Lair:4 |    4324 |    2108 |  32.8 |      12 |       6 |  33.3
            +---------+---------+-------+---------+---------+-------
